 Dungeon Crawl Stone Soup version 0.30.1-11-g7821555f0a (webtiles) character file.

Game seed: 655126253790536593

58 LoWang the Covered (level 4, -1/35 HPs)
             Began as a Human Fighter on Dec 12, 2023.
             Slain by an orc
             ... wielding a +0 club
              (2 damage)
             ... on level 3 of the Dungeon.
             The game lasted 00:02:48 (902 turns).

LoWang the Covered (Human Fighter)                   Turns: 902, Time: 00:02:48

Health: -1/35      AC:  4    Str: 19    XL:     4   Next: 20%
Magic:  4/4        EV: 11    Int: 13    God:
Gold:   78         SH:  0    Dex: 12    Spells: 3/3 levels left

rFire   . . .        a - +0 long sword
rCold   . . .        c - +0 buckler
rNeg    . . .        j - +1 leather armour of Undesirable Species {Str+3 Int+2}
rPois   +            (no helmet)
rElec   .            (no cloak)
rCorr   .            (no gloves)
SInv    .            (no boots)
Will    .....        (no amulet)
Stlth   +            g - ring of poison resistance
HPRegen 0.25/turn    (no ring)
MPRegen 0.09/turn

%: no passive effects
@: confused, ambrosia-drunk
A: no striking features
a: no special abilities


You were on level 3 of the Dungeon.
You visited 1 branch of the dungeon, and saw 4 of its levels.

You collected 78 gold pieces.

Inventory:

Hand Weapons
 a - a +0 long sword (weapon)
Armour
 b - a +0 scale mail
 c - a +0 buckler (worn)
 j - the +1 leather armour of Undesirable Species (worn) {Str+3 Int+2}
   (You found it on level 3 of the Dungeon)

   Str:       It affects your strength (+3).
   Int:       It affects your intelligence (+2).
Jewellery
 g - a ring of poison resistance (left hand)
Scrolls
 f - a scroll of immolation
 i - a scroll of noise {unknown}
Potions
 d - a potion of curing {unknown}
 e - a potion of ambrosia
 h - a potion of attraction {unknown}


   Skills:
 * Level 3.3 Fighting
 * Level 2.6 Long Blades
 * Level 3.4 Armour
 * Level 1.0 Dodging
 * Level 0.9 Stealth
 * Level 3.2 Shields


You had 3 spell levels left.
You didn't know any spells.
Your spell library contained the following spells:

 Spells                   Type           Power      Damage    Failure   Level
 Stone Arrow              Conj/Erth      0%         3d7       80%         3
 Animate Armour           Summ/Erth      0%         N/A       99%         4
 Lehudib's Crystal Spear  Conj/Erth      0%         10d2      100%        8


Dungeon Overview and Level Annotations

Branches:
Dungeon (4/15)
 Temple: D:4-7

Altars:
Vehumet


Message History

The ball python grabs you. The ball python constricts you.
The ball python's grasp on you weakens, but your attempt to escape fails.
The orc hits you with a +0 club.
The ball python bites you but does no damage.
The ball python constricts you.
You escape the ball python's grasp.
The ball python attacks as you move away!
The ball python bites you. The orc closely misses you.
The orc attacks as you move away! You block the orc's attack.
The orc attacks as you move away! The orc barely misses you.
The orc attacks as you move away! The orc hits you but does no damage.
You barely miss the orc.
The orc wizard casts a spell.
The orc wizard flickers and vanishes!
Deactivating autopickup; reactivate with Ctrl-A.
The orc closely misses you. The orc hits you with a +0 club.
The orc hits you but does no damage. The orc closely misses you.
You slash the orc!
The orc is almost dead.
The orc hits you but does no damage.
The ball python barely misses you. x2; The orc closely misses you.
You block something's attack. The orc completely misses you.
The orc hits you with a +0 club. The ball python bites you.
The ball python grabs you. The ball python constricts you.
You escape the ball python's grasp.
Something hits you. You block the orc's attack.
The orc hits you with a +0 flail!
Unknown command.
You are confused.
You feel invigorated.
The orc hits you with a +1 hand axe of venom.
The orc hits you with a +0 flail!
* * * LOW HITPOINT WARNING * * *
The orc closely misses you.
You bump into the rock wall.
The orc hits you with a +1 hand axe of venom.
* * * LOW HITPOINT WARNING * * *
The orc closely misses you. The orc hits you with a +0 flail.
* * * LOW HITPOINT WARNING * * *
The orc attacks as you move away! The orc hits you with a +0 club.
You die...

... # .........? #..#.#
....(.... #..# #...#.
#.!..$.# ...#
#....##.#....# ....#
#....#.#.#..# #....#
#.....#.##..## #.....#
#....[.##....##......#
#......oo.............
#......@oS...........#
##......##{...##.$....#
#......#.##..##.#.....#
#.....#.#.#..#.#.#....#
#.....##.#....#.# ..).#
#....#.##).....##. ...#
#...#.#..........# o.#
#...##............ ..#
#..#..............


You could see 3 orcs and a ball python.

Vanquished Creatures
  Terence (D:3)
  3 orcs (D:3)
  3 endoplasms
  4 goblins
  4 hobgoblins
  2 kobolds
  2 quokkas
  3 ball pythons
  2 bats
  A frilled lizard (D:2)
  2 rats
27 creatures vanquished.

Notes
Turn   | Place    | Note
-------+----------+-------------------------------------------
     0 | D:1      | LoWang the Human Fighter began the quest for the Orb.
     0 | D:1      | Reached XP level 1. HP: 18/18 MP: 1/1
   249 | D:1      | Reached XP level 2. HP: 18/24 MP: 2/2
   509 | D:2      | Found a radiant altar of Vehumet.
   572 | D:2      | Reached XP level 3. HP: 24/29 MP: 3/3
   613 | D:3      | Noticed Terence
   620 | D:3      | Killed Terence
   712 | D:3      | Reached XP level 4. HP: 35/35 MP: 4/4
   746 | D:4      | Reached skill level 1 in Dodging
   844 | D:3      | Identified the +1 leather armour of Undesirable Species
                  | {Str+3 Int+2}
   901 | D:3      | HP: 1/35 [orc/+0 flail (2)]
   902 | D:3      | Slain by an orc

Illustrated notes

Levels and vault maps discovered:
D:1:      dpeg_arrival_rooms_b, layout_loops_corners
D:2:      minmay_evil_eye, layout_basic, basic_altar
D:3:      layout_loops_ring, minmay_misc_feat_secret_circle, uniq_terence
D:4:      layout_rooms, nicolae_overflow_hidden_temple,
          mainiacjoe_overflow_six_doors_small, kennysheep_crisscross,
          uniq_menkaure

Skill      XL: |  1  2  3  4 |
---------------+-------------+-----
Dodging        | 1 |  1.0
Fighting       | |  3.3
Long Blades    | |  2.6
Armour         | |  3.4
Stealth        | |  0.9
Shields        | |  3.2

Action                     |  1- 3 |  4- 6 || total
---------------------------+-------+-------++-------
  Melee: Long sword        |    45 |    27 ||    72
    Use: Scroll            |     2 |       ||     2
         Potion            |     1 |     1 ||     2
 Armour: Scale mail        |    22 |     7 ||    29
         Leather armour    |       |    10 ||    10
  Dodge: Dodged            |    14 |    16 ||    30
  Block: Buckler           |    10 |     9 ||    19
